 Dungeon Crawl Stone Soup version 0.30-a0-802-gb92711bcdf (webtiles) character file.

Game seed: 2227963491919511263

2234 YungCoward the Fighter (level 9, 0/85 HPs)
             Began as a Hill Orc Fighter on Feb 25, 2023.
             Was an Initiate of Trog.
             Slain by a boulder beetle (3 damage)
             ... on level 8 of the Dungeon.
             The game lasted 00:27:59 (7095 turns).

YungCoward the Fighter (Hill Orc Fighter)           Turns: 7095, Time: 00:27:59

Health: 0/85       AC: 15    Str: 23    XL:     9   Next: 36%
Magic:  9/9        EV:  7    Int:  8    God:    Trog [......]
Gold:   329        SH: 10    Dex: 10    Spells: 8/8 levels left

rFire   + . .      SeeInvis +    h - +4 whip (flame)
rCold   x . .      Faith    .    c - +0 buckler
rNeg    . . .      Spirit   .    B - +0 storm dragon scales
rPois   .          Reflect  +    l - +0 helmet
rElec   +          Harm     .    (no cloak)
rCorr   .          Rampage  +    (no gloves)
Will    .....                    m - +0 pair of boots {rampage} Stlth
                                 o - amulet of reflection
HPRegen 0.34/turn                f - ring of see invisible
MPRegen 0.11/turn                C - ring of fire

@: no status effects
A: no striking features
a: Renounce Religion


You were on level 8 of the Dungeon.
You worshipped Trog.
Trog was noncommittal.
You visited 2 branches of the dungeon, and saw 9 of its levels.

You collected 471 gold pieces.
You spent 142 gold pieces at shops.

Inventory:

Hand Weapons
 a - a +0 war axe
 h - a +4 whip of flaming (weapon)
Missiles
 s - a throwing net
Armour
 b - a +0 scale mail
 c - a +0 buckler (worn)
 l - a +0 helmet (worn)
 m - a +0 pair of boots of rampaging (worn)
 p - a scarf of invisibility
 u - the +3 ring mail of Parlour Games {rElec Will+}
   (You found it on level 4 of the Dungeon)

   rElec:     It insulates you from electricity.
   Will:      It increases your willpower.
 B - +0 storm dragon scales (worn)
Jewellery
 f - a ring of see invisible (left hand)
 n - an amulet of the acrobat
 o - an amulet of reflection (around neck)
 y - an amulet of regeneration
 C - a ring of fire (right hand)
Wands
 g - a wand of mindburst (26) (quivered)
Scrolls
 i - a scroll of teleportation
 k - a scroll of fear
 w - a scroll of amnesia {unknown}
 x - 2 scrolls of blinking {unknown}
 D - a scroll of magic mapping {unknown}
Potions
 e - a potion of mutation
 j - a potion of heal wounds
 q - 4 potions of curing {unknown}
 r - a potion of cancellation {unknown}
 t - 2 potions of magic {unknown}
 v - a potion of lignification {unknown}
 z - a potion of degeneration {unknown}
 A - a potion of haste {unknown}


   Skills:
 * Level 9.8 Fighting
 - Level 3.6(5.6) Axes
 + Level 5.5(5.9) Maces & Flails
 + Level 6.8 Armour
 + Level 6.8 Shields


You had 8 spell levels left.
You didn't know any spells.
Your spell library contained the following spells:

 Spells                   Type           Power      Damage    Failure   Level
 Hailstorm                Conj/Ice       0%         3d3       100%        3
 Ozocubu's Armour         Ice            0%         N/A       100%        3
 Ice Form                 Ice/Tmut       0%         N/A       100%        4
 Freezing Cloud           Conj/Ice/Air   0%         6-21      100%        5
 Metabolic Englaciation   Hex/Ice        0%         N/A       100%        5
 Conjure Ball Lightning   Conj/Air       0%         3x3d6     100%        6
 Simulacrum               Ice/Necr       0%         N/A       100%        6
 Discord                  Hex            0%         N/A       100%        8
 Disjunction              Tloc           0%         N/A       100%        8
 Polar Vortex             Ice            0%         N/A       100%        9


Dungeon Overview and Level Annotations

Branches:
Dungeon (8/15)             Temple (1/1) D:5
   Lair: D:8-11

Altars:
Ru
Trog
Uskayaw
Vehumet
Xom
Zin
The Shining One

Shops:
D:1 *   D:6 *

Annotations:
D:4 3 runed translucent doors, baal32's ghost, novice MiFi


Message History

The boulder beetle bites you but does no damage.
You hit the boulder beetle but do no damage.
The boulder beetle is lightly wounded.
The boulder beetle bites you!
* * * LOW HITPOINT WARNING * * *
You whack the boulder beetle! You burn the boulder beetle.
The boulder beetle is moderately wounded.
You hit the boulder beetle. You burn the boulder beetle.
The boulder beetle is moderately wounded.
You block the boulder beetle's attack.
You hit the boulder beetle but do no damage.
The boulder beetle is moderately wounded.
The boulder beetle bites you!
* * * LOW HITPOINT WARNING * * *
You hit the boulder beetle but do no damage.
The boulder beetle is moderately wounded.
The boulder beetle bites you!!
* * * LOW HITPOINT WARNING * * *
You hit the boulder beetle but do no damage.
The boulder beetle is moderately wounded.
You block the boulder beetle's attack.
You hit the boulder beetle but do no damage.
The boulder beetle is moderately wounded.
The boulder beetle leaps!
You rampage towards the boulder beetle!
You hit the boulder beetle. You burn the boulder beetle.
The boulder beetle is moderately wounded.
The boulder beetle bites you but does no damage.
You completely miss the boulder beetle.
The boulder beetle is moderately wounded.
You hit the boulder beetle but do no damage.
The boulder beetle is moderately wounded.
The boulder beetle closely misses you.
You hit the boulder beetle but do no damage.
The boulder beetle is moderately wounded.
You block the boulder beetle's attack.
You hit the boulder beetle but do no damage.
The boulder beetle is moderately wounded.
The boulder beetle bites you.
You die...

#####
#B..#
#@#
#<#
###


You could see a boulder beetle.

Vanquished Creatures
  A komodo dragon (D:7)
  A steam dragon (D:7)
  A vampire mosquito (D:7)
  A water moccasin (D:6)
  An ice beast (D:6)
  2 centaurs
  A phantom (D:5)
  A scorpion (D:4)
  An elf skeleton (D:4)
  4 wights (D:6)
  A howler monkey (D:4)
  2 gnoll boudas (D:4)
  3 jellies
  4 hounds
  3 human zombies (D:4)
  3 iguanas
  A human skeleton (D:4)
  5 orc wizards
  12 gnolls
  4 adders
  2 shadow imps
  3 ufetubi
  3 worms
  10 dart slugs
  25 orcs
  5 ball pythons
  2 bats
  5 endoplasms
  6 giant cockroaches
  8 goblins
  8 hobgoblins
  4 jackals (D:1)
  5 quokkas
  A frilled lizard (D:1)
  4 kobolds
  An orc skeleton (D:4)
  7 rats
151 creatures vanquished.

Vanquished Creatures (others)
  A dart slug (D:4)
  A plant (D:3)
2 creatures vanquished.

Grand Total: 153 creatures vanquished

Notes
Turn   | Place    | Note
-------+----------+-------------------------------------------
     0 | D:1      | YungCoward the Hill Orc Fighter began the quest for the
                  | Orb.
     0 | D:1      | Reached XP level 1. HP: 19/19 MP: 1/1
    56 | D:1      | Reached XP level 2. HP: 26/27 MP: 2/2
   126 | D:1      | Found a faded altar of an unknown god.
   312 | D:1      | Found Sirghaps's General Store.
   373 | D:1      | Reached skill level 4 in Fighting
   448 | D:1      | Reached XP level 3. HP: 33/33 MP: 3/3
  1195 | D:2      | Reached XP level 4. HP: 38/40 MP: 4/4
  1987 | D:3      | Found a radiant altar of Vehumet.
  2253 | D:3      | Reached skill level 1 in Maces & Flails
  2253 | D:3      | Reached XP level 5. HP: 24/47 MP: 5/5
  2821 | D:4      | Reached skill level 5 in Fighting
  2989 | D:4      | Identified the +3 ring mail of Parlour Games {rElec Will+}
  3020 | D:4      | Found a runed translucent gate.
  3020 | D:4      | Found a runed translucent gate.
  3020 | D:4      | Found a runed translucent gate.
  3020 | D:4      | Noticed a kobold brigand
  3022 | D:4      | Noticed baal32's ghost (novice MiFi)
  3305 | D:4      | Reached XP level 6. HP: 54/56 MP: 6/6
  3848 | D:4      | Reached skill level 6 in Fighting
  4070 | D:5      | Entered Level 5 of the Dungeon
  4082 | D:5      | Reached XP level 7. HP: 59/64 MP: 7/7
  4108 | D:5      | Found a glowing silver altar of Zin.
  4109 | D:5      | Noticed an angel
  4112 | D:5      | Found a shimmering altar of Xom.
  4136 | D:5      | Reached skill level 5 in Armour
  4304 | D:4      | Reached skill level 5 in Shields
  4508 | D:5      | Found a staircase to the Ecumenical Temple.
  4635 | D:4      | Reached skill level 7 in Fighting
  4921 | D:5      | Reached XP level 8. HP: 56/73 MP: 8/8
  5607 | Temple   | Entered the Ecumenical Temple
  5626 | Temple   | Became a worshipper of Trog the Wrathful
  5660 | D:6      | Found Geruin's Assorted Antiques.
  5688 | D:6      | Reached skill level 8 in Fighting
  5698 | D:6      | Bought a scroll of enchant weapon for 142 gold pieces
  6209 | D:6      | Found a glowing golden altar of the Shining One.
  6386 | D:7      | Reached skill level 9 in Fighting
  6393 | D:7      | Reached XP level 9. HP: 82/83 MP: 9/9
  6412 | D:7      | Reached skill level 5 in Maces & Flails
  6559 | D:7      | Noticed a boulder beetle
  6560 | D:7      | Noticed a komodo dragon
  6782 | D:7      | Killed a komodo dragon
  7088 | D:8      | HP: 1/85 [boulder beetle (18)]
  7095 | D:8      | Slain by a boulder beetle

Illustrated notes

Levels and vault maps discovered:
D:1:      dpeg_arrival_fog, layout_loops_ring,
          hellmonk_ecumenical_altar_arch_garden, serial_shops, shop,
          hangedman_decor_points
D:2:      layout_basic
D:3:      layout_loops_ring, mainiacjoe_overflow_chevrons, serial_bayou_pond_b
D:4:      kennysheep_slugbush, layout_loops_corners,
          nicolae_ossuary_entry_catacombs, gammafunk_ghost_nasty_kobolds
D:5:      minmay_spotlight, layout_basic,
          grunt_temple_overflow_order_and_chaos_1, minmay_temple_entry_waves
D:6:      layout_rooms, kennysheep_mini, serial_shops, shop
D:7:      minmay_blocky_corners, layout_basic, mainiacjoe_overflow_alcove_4,
          nicolae_water_bricks, nrook_loot_triangle
D:8:      layout_basic, dpeg_oklobed_lair, kennysheep_nub, sigmund_army
Temple:   minmay_crystal_spiral_temple

Skill      XL: |  1  2  3  4  5  6  7  8  9 |
---------------+----------------------------+-----
Axes           | 3 |  3.6
Fighting       | 4 5 6 7 9 |  9.8
Armour         | 4 5 6 |  6.8
Shields        | 4 5 6 |  6.8
Maces & Flails | 1 2 3 4 5 |  5.5

Action                     |  1- 3 |  4- 6 |  7- 9 || total
---------------------------+-------+-------+-------++-------
  Melee: War axe           |    75 |     7 |       ||    82
         Whip              |       |   200 |   385 ||   585
  Evoke: Wand              |       |       |     4 ||     4
    Use: Scroll            |       |    11 |     5 ||    16
         Potion            |       |       |     2 ||     2
 Armour: Scale mail        |    24 |    30 |       ||    54
         Ring mail         |       |    27 |    66 ||    93
         Storm dragon scal |       |       |    81 ||    81
  Dodge: Dodged            |    33 |    52 |   130 ||   215
  Block: Buckler           |    15 |    63 |   208 ||   286
         Reflection        |       |     5 |     5 ||    10

Table legend: (Time is in decaauts)
 A = Elapsed time spent in this place.
 B = Non-inter-level travel time spent in this place.
 C = Inter-level travel time spent in this place.
 D = Time resting spent in this place.
 E = Time spent auto-exploring this place.
 F = Levels seen in this place.
 G = Mean time per level.
                   A        B        C        D        E       F      G
               +--------+--------+--------+--------+--------+-----+--------+
         Total |   7110 |   6868 |    242 |   1182 |   4388 |   9 |  790.0 |
       Dungeon |   7077 |   6847 |    230 |   1182 |   4373 |   8 |  884.6 |
        Temple |     32 |     20 |     12 |      0 |     15 |   1 |   32.0 |
               +--------+--------+--------+--------+--------+-----+--------+

Top non-repeatable levels by time:
     D:4: 1657 daAuts
     D:5: 1119 daAuts
     D:2: 1087 daAuts
     D:3: 946 daAuts
     D:1: 859 daAuts
     D:6: 656 daAuts
     D:7: 482 daAuts
     D:8: 268 daAuts
  Temple: 32 daAuts
